 Dungeon Crawl Stone Soup version 0.13-a0-2712-g07f05f3 (webtiles) character file.

246 JacquesDerrida the Slasher (level 4, -5/28 HPs)
             Began as a Tengu Gladiator on Aug 16, 2013.
             Killed by divine providence
             ... invoked by an orc priest
              (12 damage)
             ... on Level 3 of the Dungeon.
             The game lasted 00:03:05 (1621 turns).

JacquesDerrida the Slasher (Tengu Gladiator)        Turns: 1621, Time: 00:03:05

HP  -5/28        AC  3     Str 16      XL: 4   Next: 65%
MP   4/4         EV 12     Int  9      God:
Gold 151         SH  0     Dex 14      Spells:  0 memorised,  3 levels left

Res.Fire  : . . .   See Invis. : .   a - +0 falchion
Res.Cold  : + . .   Warding    : .   b - +0 leather armour
Life Prot.: . . .   Conserve   : .   (no shield)
Res.Poison: .       Res.Corr.  : .   c - +0 cap
Res.Elec. : .       Clarity    : .   (no cloak)
Sust.Abil.: . .     Spirit.Shd : .   (no gloves)
Res.Mut.  : .       Stasis     : .   (boots unavailable)
Res.Rott. : .       Flight     : .   (no amulet)
Saprovore : . . .                    (no ring)
                                     i - ring of protection from cold {unknown}

@: slightly resistant to hostile enchantments, unstealthy
A: beak, talons 3
a: no special abilities


You were on level 3 of the Dungeon.
You were not hungry.

You visited 1 branch of the dungeon, and saw 3 of its levels.

You collected 131 gold pieces.

Inventory:

Hand weapons
 a - a +0,+0 falchion (weapon)
Missiles
 d - 4 throwing nets
 n - 6 javelins (quivered)
Armour
 b - a +0 leather armour (worn)
 c - a +0 cap (worn)
Comestibles
 f - 2 bread rations
 h - a meat ration
Scrolls
 j - 2 scrolls of noise {unknown}
 k - a scroll of magic mapping {unknown}
 l - 2 scrolls of identify {unknown}
 o - 3 scrolls of remove curse {unknown}
 p - a scroll of blinking {unknown}
 r - a scroll of recharging {unknown}
Jewellery
 i - a ring of protection from cold (left hand) {unknown}
Potions
 e - 2 potions of heal wounds {unknown}
 g - a potion of confusion {unknown}
 m - a potion of curing {unknown}
 q - a potion of brilliance {unknown}


   Skills:
 - Level 2.0 Fighting
 + Level 5.7 Long Blades
 - Level 2.1 Throwing
 - Level 3.2 Dodging


You had 3 spell levels left.
You didn't know any spells.

Dungeon Overview and Level Annotations

Branches:
Dungeon (3/27)

Altars:


Innate Abilities, Weirdness & Mutations

You have a beak for a mouth.
You have claws for feet.


Message History

The orc priest is lightly wounded.
The orc priest hits you with an orcish club.
You hit the orc priest. Your kick misses the orc priest.
The orc priest is moderately wounded.
The orc priest invokes the aid of Beogh against you.
Something smites you!
* * * LOW HITPOINT WARNING * * *
Throwing (i - inventory. (,) - cycle):
n - 8 javelins (quivered)
Press: ? - help, Shift-Dir - straight line, f - orc priest
Aim: an orc priest, wielding an orcish club and wearing an orcish scale mail (moderately wounded)
You throw a javelin. The javelin misses the orc priest.
The orc priest misses you.
Throwing (i - inventory. (,) - cycle):
n - 7 javelins (quivered)
Press: ? - help, Shift-Dir - straight line, f/p - orc priest
Aim: an orc priest, wielding an orcish club and wearing an orcish scale mail (moderately wounded)
You throw a javelin. The javelin hits the orc priest.
The orc priest is moderately wounded.
The orc priest invokes the aid of Beogh against you.
Something smites you!
You die...

## .#
######.#
#....#.#
#.##.#o#
#.<).@.#
#..##..#
.........#
...........#
########.#.#
..#.# ###.#
.# #


You could see an orc priest.

Vanquished Creatures
  3 adders
  A giant mite (D:2)
  2 grey rats (D:1)
  A giant gecko (D:2)
  An ooze (D:1)
  An orc (D:3)
  4 giant cockroaches
  5 goblins
  7 hobgoblins
  A quokka (D:2)
  3 bats
  5 giant newts
  9 kobolds
  10 rats
53 creatures vanquished.

Notes
Turn   | Place    | Note
--------------------------------------------------------------
     0 | D:1      | JacquesDerrida, the Tengu Gladiator, began the quest for the Orb.
     0 | D:1      | Reached XP level 1. HP: 13/13 MP: 0/0
   146 | D:1      | Reached XP level 2. HP: 15/18 MP: 2/2
   200 | D:1      | Reached skill level 4 in Long Blades
   403 | D:1      | Reached XP level 3. HP: 22/22 MP: 3/3
   876 | D:2      | Reached skill level 5 in Long Blades
  1132 | D:2      | Reached XP level 4. HP: 24/28 MP: 4/4
  1621 | D:3      | Killed from afar by an orc priest

Action                   |  1- 3 |  4- 6 || total
-------------------------+-------+-------++-------
Melee: Falchion          |    78 |    42 ||   120
Throw: Javelin           |     3 |     5 ||     8
 Stab: Sleeping          |     1 |       ||     1
